 Dungeon Crawl Stone Soup version 0.28.0-1-gb440e238dd (webtiles) character file.

Game seed: 6959434426040536948

74587 mdonais the Martial Artist (level 15, -5/137 HPs)
             Began as an Octopode Venom Mage on Feb 20, 2022.
             Was the Champion of Makhleb.
             Slain by a dire elephant simulacrum (20 damage)
             ... animated by a necromancer
             ... on level 6 of the Lair of Beasts.
             The game lasted 02:24:33 (30062 turns).

mdonais the Martial Artist (Octopode Venom Mage)   Turns: 30062, Time: 02:24:33

Health: -5/137     AC: 27    Str: 12    XL:     15   Next: 47%
Magic:  13/26      EV: 16    Int: 28    God:    Makhleb [******]
Gold:   342        SH:  5    Dex: 16    Spells: 2/29 levels left

rFire   + . .      SeeInvis .     - Unarmed
rCold   . . .      Faith    .   (no shield)
rNeg    + + .      Spirit   .   (helmet restricted)
rPois   ∞          Reflect  +   U - amulet of reflection
rElec   +          Harm     .   p - ring of willpower
rCorr   .          Rampage  .   y - ring of willpower
Will    ++++.                   i - ring "Jopihi" {rElec rN+ Will+}
Stlth   +++++.....              o - +6 ring of intelligence
HPRegen 0.32/turn               f - ring of protection from fire
MPRegen 0.20/turn               k - ring "Tatefit" {EV+4 Str+3}
                                (no ring)
                                (no ring)

@: statue-form, constricted, very slow
A: slow and powerful, torment resistance 1, boosted hp, almost no armour,
amphibious, 8 rings, camouflage 1, (gelatinous body 1), (nimble swimmer 1),
tentacles, strong 1
a: End Transformation, Renounce Religion, Minor Destruction, Lesser Servant of
Makhleb, Major Destruction, Greater Servant of Makhleb


You were on level 6 of the Lair of Beasts.
You worshipped Makhleb.
Makhleb was exalted by your worship.
You were a living statue of rough stone.
You visited 4 branches of the dungeon, and saw 20 of its levels.

You collected 1944 gold pieces.
You spent 1602 gold pieces at shops.

Inventory:

Hand Weapons
 a - a +6 demon trident of flaming
   (You took it off Urug on level 2 of the Lair of Beasts)
Missiles
 s - 20 poisoned darts (quivered)
 t - 10 boomerangs
 v - 19 javelins
 x - 6 silver javelins
 F - a curare-tipped dart
 J - 4 atropa-tipped darts
 Z - 9 throwing nets {=!f}
Armour
 X - a +0 buckler
   (You found it on level 2 of the Lair of Beasts)
Magical Staves
 b - a staff of cold
   (You took it off a gnoll on level 10 of the Dungeon)
 c - a staff of fire
   (You found it on level 8 of the Dungeon)
Jewellery
 f - a ring of protection from fire (on tentacle)
   (You bought it in a shop on level 2 of the Orcish Mines)
 i - the ring "Jopihi" (on tentacle) {rElec rN+ Will+}
   (You found it on level 3 of the Lair of Beasts)

   [ring of willpower]

   rElec:     It insulates you from electricity.
   rN:        It protects you from negative energy.
   Will:      It increases your willpower.
 j - an amulet of magic regeneration
   (You found it on level 5 of the Lair of Beasts)
 k - the ring "Tatefit" (on tentacle) {EV+4 Str+3}
   (You acquired it on level 5 of the Lair of Beasts)

   [ring of evasion]

   EV:        It affects your evasion (+4).
   Str:       It affects your strength (+3).
 o - a +6 ring of intelligence (on tentacle)
   (You found it on level 1 of the Lair of Beasts)
 p - a ring of willpower (left tentacle)
   (You took it off an orc on level 3 of the Dungeon)
 r - an amulet of regeneration
   (You found it on level 1 of the Dungeon)
 y - a ring of willpower (right tentacle)
   (You found it on level 4 of the Dungeon)
 U - an amulet of reflection (around mantle)
   (You found it on level 11 of the Dungeon)
Wands
 A - a wand of mindburst (13)
   (You found it on level 8 of the Dungeon)
 D - a wand of digging (4)
   (You found it on level 6 of the Lair of Beasts)
 P - a wand of paralysis (6)
   (You found it on level 4 of the Lair of Beasts)
 V - a wand of flame (25)
   (You found it on level 5 of the Dungeon)
Scrolls
 d - 3 scrolls of silence
 m - 5 scrolls of vulnerability
 n - 3 scrolls of amnesia
 q - a scroll of summoning
 u - 4 scrolls of fog
 B - 3 scrolls of blinking
 E - a scroll of immolation {unknown}
 M - 3 scrolls of magic mapping
 T - 3 scrolls of teleportation
Potions
 g - 5 potions of degeneration {unknown}
 h - 3 potions of berserk rage {unknown}
 l - 2 potions of flight
 w - 3 potions of cancellation {unknown}
 z - 4 potions of heal wounds
 C - 3 potions of magic
 G - 4 potions of brilliance
 H - 3 potions of haste
 I - a potion of lignification
 K - 3 potions of invisibility
 O - a potion of resistance
 Q - 7 potions of curing
 W - a potion of mutation
 Y - 3 potions of might {unknown}
Miscellaneous
 e - a condenser vane
   (You bought it in a shop on level 2 of the Orcish Mines)


   Skills:
 - Level 11.0 Fighting
 - Level 6.0 Dodging
 - Level 7.0 Stealth
 - Level 12.0 Unarmed Combat
 + Level 7.7 Spellcasting
 - Level 4.0 Conjurations
 + Level 10.5 Transmutations
 - Level 7.0 Ice Magic
 - Level 2.0 Air Magic
 - Level 10.8 Earth Magic
 - Level 7.5 Poison Magic
 - Level 7.0 Invocations
 - Level 4.0 Evocations


You had 2 spell levels left.
You knew the following spells:

 Your Spells              Type           Power      Damage    Failure   Level
a - Sting                 Tmut/Pois      100%       1d8       1%          1
b - Poisonous Vapours     Pois/Air       74%        N/A       1%          2
c - Mephitic Cloud        Conj/Pois/Air  36%        N/A       2%          3
d - Olgreb's Toxic Radia  Pois           52%        N/A       2%          4
e - Statue Form           Tmut/Erth      42%        N/A       10%         6
f - Ice Form              Ice/Tmut       56%        N/A       1%          4
g - Frozen Ramparts       Ice            98%        1d11      1%          3
h - Petrify               Tmut/Erth      63%        N/A       1%          4

Your spell library contained the following spells:

 Spells                   Type           Power      Damage    Failure   Level
 Magic Dart               Conj           100%       1d8       1%          1
 Shock                    Conj/Air       100%       1d9       1%          1
 Ensorcelled Hibernation  Hex/Ice        60%        N/A       1%          2
 Passwall                 Tmut/Erth      52%        N/A       1%          2
 Foxfire                  Conj/Fire      84%        2x1d8     2%          1
 Animate Skeleton         Necr           20%        N/A       4%          1
 Pain                     Necr           40%        1d6       4%          1
 Corpse Rot               Necr/Air       32%        N/A       4%          2
 Call Imp                 Summ           10%        N/A       8%          2
 Spider Form              Tmut/Pois      57%        N/A       1%          3
 Blade Hands              Tmut           31%        N/A       1%          5
 Alistair's Intoxication  Tmut/Pois      38%        N/A       3%          5
 Swiftness                Air            21%        N/A       7%          3
 Irradiate                Conj/Tmut      25%        3d21      7%          5
 Summon Ice Beast         Ice/Summ       30%        N/A       12%         4
 Gell's Gravitas          Tloc           10%        N/A       16%         3
 Lesser Beckoning         Tloc           10%        N/A       16%         3
 Summon Guardian Golem    Hex/Summ       10%        N/A       16%         3
 Teleport Other           Tloc           10%        N/A       16%         3
 Vampiric Draining        Necr           10%        2d6       16%         3
 Airstrike                Air            10%        N/A       22%         4
 Metabolic Englaciation   Hex/Ice        15%        N/A       32%         5
 Iron Shot                Conj/Erth      25%        9d5       36%         6
 Anguish                  Hex/Necr       5%         N/A       45%         4
 Orb of Destruction       Conj           16%        9d7       100%        7
 Spellforged Servitor     Conj/Summ      10%        N/A       100%        7
 Ignition                 Fire           5%         3d4       100%        8
 Animate Armour           Summ/Erth      Unusable   N/A       N/A         4

Dungeon Overview and Level Annotations

Branches:
Dungeon (11/15)            Temple (1/1) D:6            Lair (6/6) D:8
 Shoals (0/4) Lair:2       Spider (0/4) Lair:3        Slime (0/5) Lair:6
    Orc (2/2) D:10            Elf (0/3) Orc:2

Altars:
Cheibriados
Elyvilon
Fedhas
Hepliaklqana
Makhleb
Nemelex Xobeh
Qazlal
Sif Muna
Uskayaw
Vehumet
Xom
The Shining One
Beogh

Shops:
D:7 *   Orc:1 :   Orc:2 :*(*

Portals:
Pandemonium: Orc:2

Annotations:
D:7 2 transporters
D:9 Maggie
Lair:6 exclusion: 2 oklob plants


Innate Abilities, Weirdness & Mutations

You are a living statue of rough stone.
Your actions are slow, but your melee attacks are powerful.
You are resistant to unholy torment.
Your maximum health is greatly increased.
You are immune to poison.
You cannot wear most types of armour.
You are amphibious.
You can wear up to eight rings at the same time.
Your skin changes colour to match your surroundings (Stealth+).
((Your rubbery body absorbs attacks. (AC +1, EV +1)))
((You are camouflaged when in or above water. (Stealth+)))
You have tentacles for arms and can constrict up to eight enemies at once.
Your muscles are strong. (Str +2)


Message History

You take 1 damage, and have 66/137 hp.
You thrash the dire elephant!!!
You kill the dire elephant!
Makhleb accepts your kill.
You feel better.
A freezing mist starts to gather...
A dire elephant simulacrum comes into view.
The spectral anaconda misses you. The spectral anaconda constricts you.
The necromancer misses you.
The dire elephant simulacrum tramples you but does no damage.
The dire elephant simulacrum trunk-slaps you but does no damage.
The dire elephant simulacrum barely misses you.
The dire elephant simulacrum trunk-slaps you but does no damage.
The spectral anaconda bites you! The spectral anaconda constricts you.
You take 3 damage, and have 63/137 hp.
You bludgeon the necromancer! You grab the necromancer.
The necromancer is heavily wounded.
You constrict the necromancer.
The spectral anaconda barely misses you.
The spectral anaconda constricts you.
The necromancer hits you but does no damage.
The dire elephant simulacrum closely misses you.
You block the dire elephant simulacrum's attack.
The spectral anaconda closely misses you.
The spectral anaconda constricts you.
The dire elephant simulacrum barely misses you.
The dire elephant simulacrum trunk-slaps you but does no damage.
The necromancer closely misses you.
You take 1 damage, and have 62/137 hp.
You bludgeon the necromancer!
The necromancer is severely wounded.
You constrict the necromancer.
The spectral anaconda bites you but does no damage.
The spectral anaconda constricts you.
You block the dire elephant simulacrum's attack.
The dire elephant simulacrum barely misses you.
The dire elephant simulacrum closely misses you.
The dire elephant simulacrum trunk-slaps you but does no damage.
You block the spectral anaconda's attack.
The spectral anaconda constricts you.
The dire elephant simulacrum tramples you.
You are held in place!
The dire elephant simulacrum trunk-slaps you but does no damage.
The necromancer points at you and mumbles some strange words.
The bolt of negative energy hits you. You partially resist.
You feel drained.
You take 7 damage, and have 55/136 hp.
You bludgeon the necromancer! You squeeze the necromancer.
You kill the necromancer!
Makhleb accepts your kill.
You feel better.
The spectral anaconda barely misses you.
The spectral anaconda constricts you.
The dire elephant simulacrum tramples you!
You are held in place!
The dire elephant simulacrum trunk-slaps you but does no damage.
The dire elephant simulacrum tramples you.
You are held in place!
The dire elephant simulacrum trunk-slaps you but does no damage.
The spectral anaconda bites you but does no damage.
The spectral anaconda constricts you.
You block the dire elephant simulacrum's attack.
The dire elephant simulacrum trunk-slaps you but does no damage.
Your life force feels restored.
You take 5 damage, and have 50/137 hp.
You bludgeon the dire elephant simulacrum!
You squeeze the dire elephant simulacrum, but do no damage.
The dire elephant simulacrum is lightly damaged.
The spectral anaconda bites you but does no damage.
The spectral anaconda constricts you.
The spectral anaconda barely misses you.
The spectral anaconda constricts you.
The dire elephant simulacrum misses you.
The dire elephant simulacrum trunk-slaps you but does no damage.
The dire elephant simulacrum tramples you but does no damage.
The dire elephant simulacrum trunk-slaps you but does no damage.
You block the dire elephant simulacrum's attack.
The dire elephant simulacrum barely misses you.
You take 1 damage, and have 49/137 hp.
You batter the dire elephant simulacrum!!
The dire elephant simulacrum is almost destroyed.
The spectral anaconda closely misses you.
The spectral anaconda constricts you.
The spectral anaconda barely misses you.
The spectral anaconda constricts you.
The dire elephant simulacrum tramples you but does no damage.
The dire elephant simulacrum trunk-slaps you but does no damage.
The dire elephant simulacrum tramples you but does no damage.
The dire elephant simulacrum barely misses you.
The dire elephant simulacrum tramples you but does no damage.
The dire elephant simulacrum misses you.
You batter the dire elephant simulacrum!!
The dire elephant simulacrum vaporises!
The spectral anaconda bites you but does no damage.
The spectral anaconda constricts you.
The spectral anaconda bites you but does no damage.
The spectral anaconda constricts you.
The dire elephant simulacrum barely misses you.
The dire elephant simulacrum trunk-slaps you but does no damage.
The dire elephant simulacrum tramples you but does no damage.
The dire elephant simulacrum closely misses you.
You take 2 damage, and have 48/137 hp.
You tentacle-slap the dire elephant simulacrum. x2
The dire elephant simulacrum is moderately damaged.
The spectral anaconda bites you but does no damage.
The spectral anaconda constricts you. The spectral anaconda misses you.
The spectral anaconda constricts you.
The dire elephant simulacrum tramples you.
You are held in place!
The dire elephant simulacrum trunk-slaps you but does no damage.
The dire elephant simulacrum tramples you!!
* * * LOW HITPOINT WARNING * * *
You are held in place!
The dire elephant simulacrum trunk-slaps you but does no damage.
You take 23 damage, and have 25/137 hp.
You bludgeon the dire elephant simulacrum!
You squeeze the dire elephant simulacrum.
The dire elephant simulacrum is severely damaged.
The spectral anaconda misses you. The spectral anaconda constricts you.
You block the spectral anaconda's attack.
The spectral anaconda constricts you.
The dire elephant simulacrum barely misses you.
The dire elephant simulacrum closely misses you.
The spectral anaconda bites you.
* * * LOW HITPOINT WARNING * * *
The spectral anaconda constricts you.
The dire elephant simulacrum closely misses you.
You block the dire elephant simulacrum's attack.
You take 1 damage, and have 24/137 hp.
You batter the dire elephant simulacrum!!
The dire elephant simulacrum vaporises!
The spectral anaconda bites you!
* * * LOW HITPOINT WARNING * * *
The spectral anaconda constricts you.
The spectral anaconda bites you but does no damage.
The spectral anaconda constricts you.
The dire elephant simulacrum tramples you!
* * * LOW HITPOINT WARNING * * *
You are held in place!
The dire elephant simulacrum misses you.
You take 22 damage, and have 2/137 hp.
You feel much better.
The spectral anaconda barely misses you.
The spectral anaconda constricts you.
The spectral anaconda bites you but does no damage.
The spectral anaconda constricts you.
* * * LOW HITPOINT WARNING * * *
The dire elephant simulacrum misses you.
The dire elephant simulacrum trunk-slaps you.
* * * LOW HITPOINT WARNING * * *
The dire elephant simulacrum freezes you!!
You die...

##..###..#.##.≈≈≈##
##..##P..#.#.≈≈≈≈≈#
#.P##...#.# ≈≈≈≈≈
##.####..#.## ≈≈..
#........#..# ..#
.†.......##.####'##
....###P.♣#...#8.8#
##...###..###.#Z)Z#
##...####..##.##8°###
#.#...####.##..#.○'.##
#.#....##..♣##.#..'..##
P..#.###...♣ #.#####..##
.....# ##.♣# #....'....#
#...####..######..'...^#
##### #..♣#...÷).8#....#
# #..♣#P..#####...## #
#..##...# #....#


You could see a spectral anaconda and a dire elephant simulacrum.

Vanquished Creatures
  Rupert (Lair:3)
  4 dire elephants (Lair:6)
  Snorg (Orc:1)
  A boulder beetle (Lair:5)
  3 hydras
  2 demonspawn (Orc:2)
  2 two-headed ogres (D:10)
  12 death yaks
  Urug (Lair:2)
  7 orc high priests (Orc:2)
  A spectral death yak (Lair:6)
  A sixfirhy (Orc:2)
  An orb spider (Lair:3)
  A lindwurm (Lair:2)
  An obsidian statue (Lair:6)
  4 orc knights (Orc:2)
  4 necromancers (Lair:6)
  4 cyclopes
  4 orc sorcerers (Orc:2)
  22 elephants
  5 black mambas
  6 torpor snails
  11 cane toads
  A rime drake (Lair:6)
  An orange demon (Orc:2)
  A dire elephant skeleton (Lair:6)
  2 dire elephant zombies (Lair:6)
  14 komodo dragons
  A hellwing (Orc:2)
  A polar bear (Lair:6)
  2 trolls
  A hornet (Lair:3)
  A snapping turtle (Lair:2)
  10 dream sheep
  8 blink frogs
  Sigmund (D:6)
  6 wraiths
  2 wyverns
  4 basilisks
  48 yaks
  2 steam dragons
  A warg (Orc:2)
  A neqoxec (Orc:2)
  4 spectral cane toads (Lair:6)
  17 water moccasins
  26 orc warriors
  3 sky beasts
  An ice beast (D:6)
  5 black bears
  A necrophage (D:2)
  19 wolves
  2 centaurs (D:9)
  A phantom (D:5)
  A kobold brigand (D:8)
  15 bullfrogs
  2 scorpions
  2 gnoll sergeants (D:10)
  2 elephant simulacra (Lair:6)
  9 wights
  6 killer bees (D:10)
  5 howler monkeys
  4 electric eels
  7 crimson imps (D:8)
  2 bullfrog skeletons (D:6)
  4 centaur zombies
  6 hounds
  22 orc priests
  3 gnoll shamans
  An iguana (D:4)
  5 orc wizards
  Robin (D:4)
  2 hound skeletons (D:4)
  A howler monkey zombie (D:8)
  25 gnolls
  6 adders
  2 shadow imps
  3 white imps (D:8)
  2 ufetubi
  An adder skeleton (D:4)
  61 orcs
  4 ball pythons
  4 bats
  9 endoplasms
  A giant cockroach (D:3)
  17 goblins
  8 hobgoblins
  2 jackals (D:10)
  12 kobolds
  5 quokkas
  4 frilled lizards
  A rat (D:3)
  A butterfly (Lair:2)
554 creatures vanquished.

Vanquished Creatures (collateral kills)
  Grinder (D:6)
  A steam dragon (D:8)
2 creatures vanquished.

Vanquished Creatures (others)
  89 fungi
  60 plants
  22 withered plants (Lair:6)
171 creatures vanquished.

Grand Total: 727 creatures vanquished

Notes
Turn   | Place    | Note
-------+----------+-------------------------------------------
     0 | D:1      | mdonais the Octopode Venom Mage began the quest for the
                  | Orb.
     0 | D:1      | Reached XP level 1. HP: 11/11 MP: 3/3
   238 | D:1      | Found a faded altar of an unknown god.
   255 | D:1      | Prayed at the altar of an unknown god.
   255 | D:1      | Became a worshipper of Makhleb the Destroyer
   255 | D:1      | Reached * piety under Makhleb
   400 | D:1      | Reached XP level 2. HP: 17/17 MP: 0/5
   573 | D:1      | Learned a level 2 spell: Poisonous Vapours
   996 | D:2      | Reached XP level 3. HP: 17/21 MP: 4/6
  1000 | D:2      | Learned a level 3 spell: Mephitic Cloud
  1119 | D:2      | Noticed a necrophage
  1824 | D:3      | Reached ** piety under Makhleb
  1874 | D:3      | Reached skill level 1 in Air Magic
  1874 | D:3      | Reached XP level 4. HP: 24/27 MP: 1/7
  2464 | D:3      | Reached skill level 1 in Conjurations
  2938 | D:4      | Reached skill level 1 in Fighting
  2938 | D:4      | Reached XP level 5. HP: 33/33 MP: 1/9
  3078 | D:4      | Found a shimmering altar of Xom.
  3080 | D:4      | Found a blossoming altar of Fedhas.
  3457 | D:4      | Noticed Robin
  3461 | D:4      | Reached skill level 1 in Invocations
  3895 | D:4      | Reached XP level 6. HP: 39/39 MP: 2/10
  4070 | D:4      | Killed Robin
  4216 | D:4      | Found a hazy altar of Hepliaklqana.
  4438 | D:4      | Found a shimmering altar of Xom.
  4457 | D:4      | Found a blossoming altar of Fedhas.
  4948 | D:4      | Found a hazy altar of Hepliaklqana.
  5042 | D:5      | Entered Level 5 of the Dungeon
  5149 | D:5      | Reached skill level 5 in Poison Magic
  5317 | D:5      | Found a radiant altar of Vehumet.
  5600 | D:5      | Reached XP level 7. HP: 36/45 MP: 11/11
  6151 | D:6      | Found a sparkling altar of Nemelex Xobeh.
  6207 | D:6      | Reached *** piety under Makhleb
  6227 | D:6      | Noticed a steam dragon
  6253 | D:6      | Killed a steam dragon
  6259 | D:6      | Learned a level 4 spell: Olgreb's Toxic Radiance
  6565 | D:6      | Found a staircase to the Ecumenical Temple.
  6574 | Temple   | Entered the Ecumenical Temple
  6592 | D:6      | Noticed Grinder
  6855 | D:6      | Killed Grinder
  6856 | D:6      | Reached XP level 8. HP: 28/52 MP: 14/14
  6861 | D:6      | Learned a level 4 spell: Ice Form
  7309 | D:6      | Noticed Sigmund
  7320 | D:6      | Killed Sigmund
  7321 | D:6      | Reached skill level 1 in Ice Magic
  7483 | D:7      | Found Voiguor's Gadget Gallery.
  7551 | D:7      | Identified the +2 leather armour "Eroar" {rPois rC+}
  7799 | D:7      | Gained mutation: You possess an exceptional clarity of
                  | mind. [potion of mutation]
  7799 | D:7      | Gained mutation: Your muscles are strong. (Str +2) [potion
                  | of mutation]
  7891 | D:7      | Found a transporter.
  7901 | D:7      | Found a transporter.
  8328 | D:7      | Noticed a kobold demonologist
  8380 | D:8      | Reached skill level 5 in Spellcasting
  8384 | D:8      | Reached XP level 9. HP: 46/58 MP: 3/16
  8388 | D:8      | Learned a level 3 spell: Spider Form
  8504 | D:8      | Found a shimmering blue altar of Sif Muna.
  8525 | D:8      | Reached skill level 1 in Unarmed Combat
  8552 | D:8      | Noticed a komodo dragon
  8554 | D:8      | Found a staircase to the Lair.
  8561 | D:8      | Reached skill level 2 in Unarmed Combat
  8564 | D:8      | Killed a komodo dragon
  8565 | D:8      | Reached skill level 3 in Unarmed Combat
  8571 | D:8      | Reached skill level 5 in Fighting
  8601 | D:8      | Reached skill level 4 in Unarmed Combat
  9052 | D:8      | Reached **** piety under Makhleb
  9341 | D:8      | Reached skill level 5 in Unarmed Combat
  9403 | D:8      | Reached skill level 5 in Stealth
  9478 | D:8      | Reached XP level 10. HP: 66/66 MP: 2/17
  9487 | D:8      | Reached skill level 5 in Ice Magic
  9787 | D:8      | Found a hide-covered altar of Uskayaw.
  9787 | D:8      | Found a white marble altar of Elyvilon.
 10269 | D:9      | Reached skill level 5 in Transmutations
 10274 | D:9      | Reached skill level 6 in Unarmed Combat
 10390 | D:9      | Reached skill level 1 in Evocations
 11484 | D:9      | Noticed Maggie
 11625 | D:10     | Entered Level 10 of the Dungeon
 11899 | D:10     | Reached XP level 11. HP: 74/74 MP: 3/18
 12040 | D:10     | Reached ***** piety under Makhleb
 12057 | D:10     | Reached skill level 5 in Invocations
 13176 | D:10     | Reached skill level 7 in Unarmed Combat
 13321 | D:10     | Found a staircase to the Orcish Mines.
 13743 | D:10     | Found a stormy altar of Qazlal.
 13751 | D:10     | Noticed a two-headed ogre
 13757 | D:10     | Learned a level 3 spell: Frozen Ramparts
 13787 | D:10     | Killed a two-headed ogre
 13958 | D:10     | Noticed a two-headed ogre
 14002 | D:10     | Killed a two-headed ogre
 14414 | D:11     | Noticed a cyclops
 14439 | D:11     | Killed a cyclops
 14809 | D:11     | Noticed a cyclops
 14819 | D:11     | Killed a cyclops
 15096 | D:11     | Reached skill level 5 in Dodging
 15336 | D:11     | Noticed a cyclops
 15354 | D:11     | Killed a cyclops
 15665 | Lair:1   | Entered Level 1 of the Lair of Beasts
 15925 | Lair:1   | Reached skill level 8 in Unarmed Combat
 15925 | Lair:1   | Reached XP level 12. HP: 82/82 MP: 16/21
 16136 | Lair:1   | Noticed an eight-headed hydra
 16147 | Lair:1   | Killed an eight-headed hydra
 16495 | Lair:1   | Noticed an eight-headed hydra
 16506 | Lair:1   | Killed an eight-headed hydra
 16889 | Lair:2   | Noticed Urug
 17228 | Lair:2   | Killed Urug
 17627 | Lair:2   | Reached skill level 9 in Unarmed Combat
 18063 | Lair:2   | Reached skill level 10 in Fighting
 18723 | Lair:2   | Found a staircase to the Shoals.
 19201 | Lair:3   | Noticed Rupert
 19327 | Lair:2   | Reached skill level 10 in Unarmed Combat
 19860 | Lair:3   | Identified the ring "Jopihi" {rElec rN+ Will+}
 20357 | Orc:1    | Entered Level 1 of the Orcish Mines
 20363 | Orc:1    | Found Vobax's Book Shoppe.
 20455 | Orc:2    | Entered Level 2 of the Orcish Mines
 20455 | Orc:2    | Found a staircase to the Elven Halls.
 20940 | Orc:2    | Reached XP level 13. HP: 92/92 MP: 13/22
 21133 | Orc:1    | Noticed Snorg
 21141 | Orc:1    | Killed Snorg
 22376 | Orc:2    | Found Xirufom's General Store.
 22378 | Orc:2    | Found Zubli's General Store.
 22894 | Orc:2    | Reached skill level 11 in Unarmed Combat
 23112 | Orc:2    | Lost mutation: You possess an exceptional clarity of mind.
                  | [a neqoxec]
 23547 | Orc:2    | Reached skill level 12 in Unarmed Combat
 24086 | Orc:2    | Found Ulecoq's Antique Weapon Shop.
 24086 | Orc:2    | Found Peosozot's Book Boutique.
 24086 | Orc:2    | Found a one-way gate leading to the halls of Pandemonium.
 24225 | Orc:2    | Bought a condenser vane for 720 gold pieces
 24225 | Orc:2    | Bought a ring of protection from fire for 450 gold pieces
 24576 | Lair:3   | Killed Rupert
 24956 | Lair:3   | Found a hole to the Spider Nest.
 25299 | Lair:4   | Reached XP level 14. HP: 101/101 MP: 19/23
 25341 | Lair:4   | Reached skill level 1 in Earth Magic
 25719 | Lair:4   | Found a snail-covered altar of Cheibriados.
 25757 | Lair:4   | Reached ****** piety under Makhleb
 26014 | Lair:4   | Reached skill level 5 in Earth Magic
 26894 | Orc:1    | Bought a book of Sloth for 432 gold pieces
 26902 | Orc:1    | Learned a level 6 spell: Statue Form
 27706 | Lair:5   | Identified a scroll of acquirement
 27707 | Lair:5   | Acquired the ring "Tatefit" {EV+4 Str+3}
 28052 | Lair:6   | Entered Level 6 of the Lair of Beasts
 28452 | Lair:6   | Learned a level 4 spell: Petrify
 28775 | Lair:6   | Reached XP level 15. HP: 106/106 MP: 2/25
 29022 | Lair:6   | Reached skill level 10 in Transmutations
 29022 | Lair:6   | Reached skill level 10 in Earth Magic
 29231 | Lair:6   | Found a staircase to the Slime Pits.
 29367 | Lair:6   | Got Feyllese's Reference Book on Unstable Heat
 30061 | Lair:6   | HP: 2/137 [dire elephant simulacrum[a necromancer] (13)]
 30062 | Lair:6   | Slain by a dire elephant simulacrum

Illustrated notes

Levels and vault maps discovered:
D:1:      wander_arrival_desolate, layout_loops_cross, serial_forest,
          infiniplex_forest_end_3, infiniplex_forest_corner_1,
          infiniplex_forest_straight_5, infiniplex_forest_corner_1,
          infiniplex_forest_lined_2, infiniplex_forest_lined_3,
          infiniplex_forest_clump_double, infiniplex_forest_lined_ring,
          dreamdust_ecumenical_altar_grove
D:2:      layout_basic
D:3:      layout_rooms
D:4:      layout_loops_ring, mainiacjoe_overflow_catwalk_spiral,
          lemuel_coloured_pillars_altar, eino_curves_03, uniq_robin
D:5:      layout_loops_ring, mainiacjoe_overflow_surrounded_room
D:6:      layout_basic, mainiacjoe_overflow_paths,
          minmay_temple_entry_steel_oval, uniq_grinder, uniq_sigmund
D:7:      gammafunk_wand_slinger, layout_basic, corexii_leaking_fountain,
          nicolae_shop_gadgets
D:8:      layout_gridville, nicolae_sif_muna_condensation,
          gammafunk_temple_overflow_pools, due_lair_maze_entry_diamond,
          minmay_nine_imps
D:9:      layout_stronghold, nicolae_underground_beach, uniq_maggie
D:10:     layout_cave_pools, nicolae_qazlal_general_emergency, david_orc_5,
          serial_gnoll_camp, gnoll_camp_medium_02, gnoll_camp_mini_loothouse,
          gnoll_camp_mini_hut, gnoll_camp_medium_01, hangedman_decor_push,
          grunt_decor_fettered
D:11:     layout_basic
Temple:   dshaligram_water_room_temple
Lair:1:   layout_regular_city, serial_bayou_shore_b
Lair:2:   layout_roguey, minmay_shoals_entry_hut, beast_lair_carwin_5,
          grunt_megastairs_2, serial_bayou_shore_a, lemuel_fruit_fields,
          uniq_urug
Lair:3:   layout_regular_city, nicolae_spider_entry_orb_guardian,
          disabler_island, infiniplex_staircase_pool_2, uniq_rupert
Lair:4:   layout_loops_ring, kennysheep_snail_temple
Lair:5:   layout_concentric_octagons, patterned_corridor
Lair:6:   due_jungle_book, layout_loops_ring, minmay_slime_entry_oklob_enclosed,
          lemuel_fruit_fields, infiniplex_staircase_pool
Orc:1:    layout_diamond_mine, serial_shops, shop, basic_altar, uniq_snorg
Orc:2:    pf_orc_diabolical, layout_diamond_mine

Skill      XL: |  1  2  3  4  5  6  7  8  9 10 11 12 13 14 15 |
---------------+----------------------------------------------+-----
Stealth        | 3 4 5 6 7 |  7.0
Poison Magic   | 4 5 7 |  7.5
Air Magic      | 1 2 |  2.0
Conjurations   | 1 2 3 4 |  4.0
Fighting       | 1 2 3 4 5 6 8 10 11 | 11.0
Invocations    | 1 2 3 4 5 7 |  7.0
Spellcasting   | 3 4 5 6 7 |  7.7
Transmutations | 2 3 4 5 8 9 10 | 10.5
Ice Magic      | 2 4 5 7 |  7.0
Unarmed Combat | 5 6 8 10 12 | 12.0
Dodging        | 4 5 6 |  6.0
Evocations     | 2 4 |  4.0
Earth Magic    | 9 10 | 10.8

Action                   |  1- 3 |  4- 6 |  7- 9 | 10-12 | 13-15 || total
-------------------------+-------+-------+-------+-------+-------++-------
Melee: Whip              |     2 |       |       |       |       ||     2
       Short sword       |     7 |    27 |   107 |    52 |       ||   193
       Tentacles         |     4 |    20 |    25 |    19 |    59 ||   127
       Dagger            |    10 |    58 |       |       |       ||    68
       Constrict         |     2 |    21 |    23 |     7 |    16 ||    69
       Punch             |       |     1 |     6 |     5 |    25 ||    37
       Unarmed           |       |       |       |   294 |   431 ||   725
       Staff             |       |       |       |     5 |    18 ||    23
Throw: Boomerang         |       |     9 |     2 |       |       ||    11
       Javelin           |       |       |     5 |     2 |       ||     7
       Dart              |       |       |     4 |    13 |    11 ||    28
 Cast: Sting             |    38 |    43 |    39 |    31 |       ||   151
       Poisonous Vapours |     7 |    59 |    63 |   147 |    92 ||   368
       Mephitic Cloud    |       |       |    12 |    42 |     2 ||    56
       Olgreb's Toxic Ra |       |       |     8 |    57 |    86 ||   151
       Ice Form          |       |       |       |    33 |    43 ||    76
       Spider Form       |       |       |       |    12 |     3 ||    15
       Frozen Ramparts   |       |       |       |    16 |    45 ||    61
       Statue Form       |       |       |       |       |    10 ||    10
Invok: Lesser Servant of |       |       |     2 |     5 |       ||     7
       Minor Destruction |       |       |     1 |       |       ||     1
 Abil: End Transformatio |       |       |       |     1 |       ||     1
Evoke: Wand              |       |       |     3 |     7 |       ||    10
  Use: Scroll            |       |       |     8 |     8 |     9 ||    25
       Potion            |       |       |     2 |       |     1 ||     3
 Stab: Sleeping          |     3 |       |     1 |     2 |     5 ||    11
       Confused          |       |       |     2 |     9 |     2 ||    13
       Distracted        |       |       |       |       |     1 ||     1
Armor: Skin              |     3 |     5 |    14 |    79 |   193 ||   294
Dodge: Dodged            |    14 |    43 |    84 |   194 |   321 ||   656
Block: Other             |       |       |       |    34 |    79 ||   113
